Map: 로스트 앤 파운드 - 래더

Players

LiquidMaNa (MaNa) - Winner!

  • Race: Protoss Protoss
  • League: Master
  • Spawn Location: 1:00

LiquidTaeJa (TaeJa)

  • Race: Terran Terran
  • League: Diamond
  • Spawn Location: 7:00

Event: HomeStory Cup XVIII

VOD

Have the link to the VOD?

Description

Time

  • Played on: Nov. 23, 2018, 11:38 a.m.
  • Length: 7:17

All games in this series

Show
View Real Time Build Order
Export as new Build Order

LiquidMaNa Protoss - Winner!

Build Orders: 1 Gate Expand 

Get SALT Encoding   

  12  0:00  Probe  
  13  0:12  Probe  
  14  0:19  Pylon  
  14  0:24  Probe  
  15  0:33  Probe  
  15  0:37  Gateway  
  15  0:41  Probe  
  16  0:47  Assimilator  
  17  0:51  Probe  
  18  0:59  Probe  
  19  1:07  Probe  
  20  1:22  Nexus  
  20  1:32  Cybernetics Core  
  20  1:35  Probe  
  21  1:40  Assimilator  
  21  1:48  Pylon  
  21  1:51  Probe  
  22  1:58  Stalker  
  22  2:03  Probe  
  25  2:09  Warp Gate  
  26  2:15  Probe  
  26  2:23  Adept  
  26  2:24  Robotics Facility  
  26  2:27  Probe  
  29  2:37  Probe  
  29  2:39  Probe  
  31  2:47  Stalker  
  31  2:49  Probe  
  32  2:52  Probe  
  35  3:01  Probe  
  35  3:04  Probe  
  37  3:12  Gateway  
  38  3:13  Observer, Probe  
  38  3:16  Probe  
  38  3:17  Gateway  
  40  3:25  Probe  
  41  3:28  Probe  
  41  3:29  Warp Prism  
  42  3:38  Probe  
  42  3:40  Probe  
  46  3:42  Pylon  
  46  4:00  Probe  
  46  4:02  Twilight Council  
  48  4:03  Forge  
  48  4:05  Pylon  
  48  4:12  Stalker x2, Probe  
  48  4:15  Stalker  
  54  4:17  Shield Battery  
  52  4:30  Blink, Probe  
  52  4:31  Probe  
  52  4:38  Stalker x3  
  58  4:39  Observer  
  58  4:42  Protoss Ground Weapons Level 1, Assimilator  
  58  4:46  Probe x2  
  60  4:56  Nexus  
  60  5:06  Adept  
  56  5:27  Adept x2  
  56  5:28  Adept  
  58  5:30  Probe x2  
  58  5:34  Immortal  
  62  5:50  Gateway  
  62  5:52  Gateway  
  62  5:55  Gateway  
  62  5:56  Pylon  
  60  5:57  Pylon  
  58  6:08  Adept x3  
  58  6:10  Probe x2  
  62  6:13  Pylon  
  60  6:22  Probe x2  
  60  6:26  Immortal  
  60  6:30  Adept x3  
  68  6:33  Probe  
  68  6:34  Probe x2  
  68  6:37  Pylon x2  
  71  6:46  Probe  
  67  6:47  Probe x2  
  68  6:55  Stalker x4  
  68  6:58  Stalker, Probe  
  77  7:05  Photon Cannon  
  77  7:17  Nexus  
Show
View Real Time Build Order
Export as new Build Order

LiquidTaeJa Terran 

Build Orders: Gas First Reaper Expand, Reaper Expand 

Get SALT Encoding   

  12  0:00  SCV  
  13  0:12  SCV  
  14  0:16  Supply Depot  
  14  0:25  SCV  
  14  0:27  Refinery  
  15  0:38  SCV  
  16  0:44  Barracks  
  16  0:50  SCV  
  17  1:02  SCV  
  18  1:14  SCV  
  19  1:31  Reaper, Orbital Command  
  20  1:41  Command Center  
  20  1:53  Factory  
  20  1:57  SCV  
  21  2:05  Refinery, Barracks Reactor  
  21  2:09  SCV  
  21  2:14  Supply Depot  
  22  2:21  SCV  
  23  2:36  SCV  
  24  2:38  Starport  
  24  2:42  Widow Mine, Marine x2  
  28  2:48  SCV  
  29  2:54  Orbital Command  
  29  3:00  SCV  
  29  3:02  Marine  
  29  3:03  Widow Mine, Marine  
  34  3:12  SCV  
  35  3:17  Medivac  
  38  3:20  Marine, SCV  
  38  3:21  Marine  
  38  3:24  SCV  
  41  3:29  Widow Mine  
  41  3:33  SCV  
  43  3:36  SCV  
  43  3:37  Marine  
  43  3:38  Marine  
  43  3:40  Supply Depot  
  46  3:52  Bunker  
  46  3:53  SCV  
  46  4:02  Factory Tech Lab, SCV  
  47  4:04  Starport Tech Lab  
  47  4:05  Barracks, SCV  
  47  4:06  Marine x2  
  47  4:08  Barracks  
  50  4:13  Supply Depot  
  50  4:14  SCV  
  52  4:17  SCV  
  51  4:26  Marine x2  
  51  4:30  SCV x2  
  54  4:42  SCV x2  
  54  4:44  Marine x2  
  54  4:45  Engineering Bay, Refinery  
  58  4:46  Supply Depot  
  58  4:50  Factory Reactor, Starport Reactor  
  58  4:54  SCV x2  
  58  4:56  Marine  
  58  4:57  Marine  
  62  5:02  Marine  
  60  5:08  Supply Depot  
  60  5:09  Supply Depot  
  54  5:15  Marine x2  
  54  5:16  Marine  
  54  5:18  SCV x2  
  51  5:28  Marine  
  51  5:33  Widow Mine x2  
  55  5:35  SCV x2  
  55  5:38  Marine x2  
  54  5:49  Marine, Marauder  
  51  5:51  SCV x2  
  51  5:56  Marine  
  49  6:01  Marine  
  49  6:03  SCV x2  
  48  6:10  Marine  
  47  6:15  SCV x2  
  43  6:27  SCV  
  43  6:28  SCV  
  43  6:32  Marine x2, Marauder  
  48  6:33  Medivac x2  
  48  6:39  SCV  
  50  6:40  SCV  
  45  6:52  SCV x2  
  44  6:55  Marine x2, Marauder x2  
  50  7:04  SCV x2  
Tags
 
Add a new tag
Caveats
  • Supply blocks, unpowered buildings, or Contaminate may cause inaccurate times.
  • Supply counts are checked every 10 seconds.